 Dungeon Crawl Stone Soup version 0.15.2 (webtiles) character file.

42 realizingwhyifist the Insei (level 3, 0/29 HPs)
             Began as a Mummy Monk on Apr 20, 2015.
             Slain by an adder (3 damage)
             ... on Level 2 of the Dungeon.
             The game lasted 00:03:29 (2133 turns).

realizingwhyifist the Insei (Mummy Monk)            Turns: 2133, Time: 00:03:29

HP   0/29        AC  0     Str 14      XL: 3   Next: 35%
MP   3/3         EV 13     Int  9      God:
Gold 67          SH  0     Dex 15      Spells:  0 memorised,  2 levels left

rFire  x . .     SeeInvis .       - Unarmed
rCold  + . .     Clarity  .     (no armour)
rNeg   + + +     rCorr    .     (no shield)
rPois  +         rRot     +     (no helmet)
rElec  .         Spirit   .     (no cloak)
SustAb +         Warding  .     (no gloves)
rMut   .         Stasis   .     (no boots)
Gourm  .                        (no amulet)
MR     .....                    e - ring of positive energy
                                b - ring of sustain abilities

@: not resistant to hostile enchantments, unstealthy
A: no food or potions, fire vulnerability, restore body, cold resistance 1,
negative energy resistance 3, poison resistance, torment resistance, unbreathing
a: no special abilities


You were on level 2 of the Dungeon.
You were not hungry.

You visited 1 branch of the dungeon, and saw 2 of its levels.

You collected 67 gold pieces.


Innate Abilities, Weirdness & Mutations

You do not eat or drink.
Your flesh is vulnerable to fire.
Your flesh is cold resistant.
You are immune to negative energy.
Your system is resistant to poisons.
You are immune to unholy pain and torment.
You can survive without breathing.


   Skills:
 - Level 3.0 Fighting
 - Level 2.4 Dodging
 - Level 1.7 Stealth
 + Level 4.2 Unarmed Combat


You had 2 spell levels left.
You didn't know any spells.

Inventory:

Comestibles
 d - a bread ration
Scrolls
 a - a scroll of fog {unknown}
 c - 3 scrolls of identify {unknown}
 f - a scroll of magic mapping {unknown}
Jewellery
 b - a ring of sustain abilities (left hand)
 e - a ring of positive energy (right hand)

Dungeon Overview and Level Annotations

Branches:
Dungeon (2/15)

Altars:

!.. ... #.# #.# . #.# .## ....#
###.# ...# ...... ..#.# ...
......# #.#b# #S. .......# #.#@#
#.# #.......# #.#S# #.# .#
#...[...###>#.#######.###..#
#...........##.........!.###
####...........($......[.......
...%...%..........$............#
........(####.###.........##.##
.####.##.<.##.# #.........# ..
#.#.##.# #.%.......#


You could see an adder and a bat.


Message History

* * * LOW HITPOINT WARNING * * *
The adder bites you.
* * * LOW HITPOINT WARNING * * *
The bat closely misses you.
You miss the adder.
The adder is lightly wounded.
The bat misses you. The adder closely misses you.
You hit the adder.
The adder is severely wounded.
The bat barely misses you. The adder misses you.
You closely miss the adder.
The adder is severely wounded.
The adder closely misses you.
You barely miss the adder.
The adder is severely wounded.
The bat barely misses you. The adder closely misses you. The adder bites you.
* * * LOW HITPOINT WARNING * * *
You barely miss the adder.
The adder is severely wounded.
The bat barely misses you. x2
The adder barely misses you.
You miss the adder.
The adder is severely wounded.
The bat hits you.
* * * LOW HITPOINT WARNING * * *
The adder barely misses you.
You barely miss the adder.
The adder is severely wounded.
The bat completely misses you. The adder bites you.
You die...

Action                   || total
-------------------------++-------
Melee: Unarmed           ||   164

Vault maps used:
D:1:      dpeg_arrival_windows_large_door
D:2:      lemuel_round_altar, okawaru_gym_becter, first_bread,
          minmay_misc_feat_tower, item_on_display_a

Notes
Turn   | Place    | Note
--------------------------------------------------------------
     0 | D:1      | realizingwhyifist, the Mummy Monk, began the quest for the Orb.
     0 | D:1      | Reached XP level 1. HP: 18/18 MP: 1/1
   453 | D:1      | Reached XP level 2. HP: 14/24 MP: 2/2
  1409 | D:1      | Reached skill level 4 in Unarmed Combat
  1492 | D:1      | Reached XP level 3. HP: 16/29 MP: 3/3
  2133 | D:2      | Slain by an adder

Vanquished Creatures
  A giant gecko (D:2)
  9 goblins
  4 hobgoblins
  3 jackals (D:1)
  5 kobolds
  3 quokkas (D:2)
  2 bats
  5 giant cockroaches (D:1)
  A giant newt (D:2)
  5 rats
38 creatures vanquished.
